AoeStats
← pcl

Golden Pit

509550712Analyzed
1v1 RM · 4d ago on Sep 27, 2026· 69m 42s· 2 players
Game mode
Random Map
Map size
Tiny (2 player)
Population
200
Speed
Normal
Resources
Standard
Victory
Conquest
Starting age
Dark Age
Ending age
Imperial Age
RankedLock teamsTeams togetherTeam positionsShared explorationLock speedFull tech treeHidden civsTurbo modeCheats
Victory
Defeat
🇨🇳 Teutons · China
583
+15
🇸🇪 Vikings · Sweden
562
-20
biggels
12:19 Feudal Age
12:50 Horse Collar
12:56 Double-Bit Axe
14:26 Scale Mail Armor
18:12 Stone Mining
24:31 Castle Age
23:56 Man-at-Arms
24:42 Loom
25:52 Bow Saw
25:44 Heavy Plow
27:41 Long Swordsman
30:27 Light Cavalry
31:38 Gold Mining
34:33 Chain Mail Armor
34:28 Forging
39:00 Iron Casting
38:32 Scale Barding Armor
41:43 Gold Shaft Mining
45:19 Imperial Age
48:28 Two-Man Saw
48:23 Crop Rotation
47:26 Cavalier
47:53 Crossbowman
48:20 Elite Berserk
48:57 Town Watch
49:27 Arbalester
57:36 Heated Shot
57:51 Padded Archer Armor
60:31 Onager
65:27 Chemistry
64:56 Ballistics
65:11 Plate Mail Armor
65:15 Chain Barding Armor
pcl
11:37 Feudal Age
21:46 Castle Age
19:58 Double-Bit Axe
20:12 Horse Collar
21:13 Stone Mining
21:56 Gold Mining
23:35 Wheelbarrow
25:13 Bow Saw
25:12 Fletching
28:10 Forging
28:02 Scale Mail Armor
28:10 Scale Barding Armor
28:30 Ironclad
28:51 Heavy Plow
29:59 Hand Cart
30:36 Squires
30:22 Arson
31:24 Chain Mail Armor
31:46 Iron Casting
37:01 Imperial Age
35:29 Bodkin Arrow
35:55 Chain Barding Armor
35:36 Padded Archer Armor
37:26 Ballistics
38:20 Crenellations
38:24 Conscription
38:28 Elite Teutonic Knight
40:09 Plate Mail Armor
40:42 Blast Furnace
40:00 Leather Archer Armor
41:47 Plate Barding Armor
41:29 Masonry
41:30 Fortified Wall
42:23 Chemistry
41:29 Siege Engineers
43:54 Crop Rotation
44:46 Stone Shaft Mining
45:00 Ring Archer Armor
47:06 Theocracy
46:55 Sanctity
47:08 Illumination
47:12 Block Printing
47:29 Illumination
47:08 Atonement
47:19 Fervor
47:26 Redemption
47:34 Cavalier
48:26 Bloodlines
50:36 Paladin
Connection lost

Rejoining the realm…

Still unreachable

The connection could not be restored.

Session expired

The server has moved on; the page needs a fresh start.